General information
- name: BNet
- type: Ladder team game (AT/RT)
- host: Battle.net
- saver: Lebron-is-a-nub
map: FullScaleAssault
- players: 8
- length: 50:27
- speed: Fast
- version: 1.26 W3XP
- replay type: Public
» download(273 KB)
Players
team 1 (winner)
bigwata (
purple | 51 APM | 2474 actions | 48:33)
9 Archmage
3 Summon Water Elemental
3 Brilliance Aura
1 Mass Teleport
2 Blizzard
9 Paladin
2 Holy Light
3 Divine Shield
3 Devotion Aura
1 Resurrection
» actions
| Assign group hotkey | 105 | |
| Basic commands | 210 | |
| Build / train | 96 | |
| ESC pressed | 3 | |
| Enter build submenu | 50 | |
| Enter hero's abilities submenu | 18 | |
| Give item / drop item | 5 | |
| Right click | 516 | |
| Select / deselect | 468 | |
| Select group hotkey | 876 | |
| Use ability | 126 | |
2474 total
» units
| Peasant | 30 | |
| Footman | 5 | |
| Goblin Shredder | 1 | |
| Gryphon Rider | 8 | |
| Knight | 7 | |
51 total
» upgrades
| Swords | 3 | |
| Armor | 3 | |
| Storm Hammers | 1 | |
| Animal War Training | 1 | |
| Masonry | 3 | |
| Plating | 2 | |
13 total
» buildings
| Farm | 23 | |
| Altar of Kings | 1 | |
| Barracks | 1 | |
| Lumber Mill | 1 | |
| Keep | 3 | |
| Blacksmith | 1 | |
| Arcane Vault | 1 | |
| Town Hall | 11 | |
| Castle | 1 | |
| Gryphon Aviary | 3 | |
| Scout Tower | 5 | |
| Guard Tower | 4 | |
55 total
» build order
01:13 Farm
01:32 Altar of Kings
01:42 Barracks
02:23 Farm
03:07 Farm
03:37 Lumber Mill
05:12 Keep
05:16 Blacksmith
05:26 Arcane Vault
05:43 Farm
05:46 Farm
07:18 Town Hall
07:28 Farm
08:29 Farm
08:36 Castle
09:10 Gryphon Aviary
09:15 Gryphon Aviary
09:19 Gryphon Aviary
09:45 Farm
10:29 Farm
11:13 Farm
12:22 Town Hall
12:57 Farm
14:07 Farm
15:13 Scout Tower
15:57 Guard Tower
15:59 Scout Tower
17:03 Scout Tower
17:04 Guard Tower
20:23 Town Hall
21:46 Town Hall
22:40 Scout Tower
22:56 Scout Tower
25:11 Guard Tower
25:13 Guard Tower
25:16 Farm
25:55 Keep
25:58 Farm
27:57 Town Hall
28:40 Town Hall
31:47 Farm
32:47 Farm
34:16 Farm
34:53 Farm
35:46 Farm
36:18 Keep
38:11 Town Hall
38:40 Town Hall
40:47 Town Hall
41:40 Farm
42:43 Town Hall
43:47 Farm
44:28 Farm
46:58 Farm
47:13 Town Hall
» items
| Scroll of Regeneration | 1 | |
| Scroll of Town Portal | 1 | |
| Orb of Venom | 2 | |
4 total
K0D0S_F0RSAKEN (
yellow | 39 APM | 1888 actions | 48:32)
9 Priestess of the Moon
3 Trueshot Aura
3 Scout
1 Starfall
2 Searing Arrows
» actions
| Assign group hotkey | 7 | |
| Build / train | 151 | |
| Enter build submenu | 35 | |
| Enter hero's abilities submenu | 9 | |
| Give item / drop item | 1 | |
| Remove unit from queue | 1 | |
| Right click | 1059 | |
| Select / deselect | 509 | |
| Select group hotkey | 14 | |
| Use ability | 102 | |
1888 total
» units
| Wisp | 73 | |
| Huntress | 4 | |
| Goblin Zeppelin | 4 | |
| Goblin Shredder | 2 | |
| Hippogryph | 33 | |
| Blue Dragon | 3 | |
119 total
» upgrades
| Strength of the Wild | 4 | |
| Reinforced Hides | 4 | |
| Nature's Blessing | 1 | |
9 total
» buildings
| Moon Well | 10 | |
| Altar of Elders | 1 | |
| Tree of Ages | 2 | |
| Hunter's Hall | 3 | |
| Ancient of War | 2 | |
| Ancient Protector | 26 | |
| Tree of Life | 5 | |
| Ancient of Wind | 3 | |
| Ancient of Wonders | 1 | |
| Tree of Eternity | 1 | |
54 total
» build order
00:23 Moon Well
00:34 Altar of Elders
02:34 Tree of Ages
03:55 Hunter's Hall
04:13 Moon Well
04:14 Moon Well
04:15 Moon Well
04:20 Ancient of War
04:21 Ancient of War
06:31 Ancient Protector
06:32 Ancient Protector
06:33 Ancient Protector
06:35 Ancient Protector
10:45 Moon Well
10:50 Tree of Life
10:55 Ancient Protector
10:55 Ancient Protector
12:21 Tree of Life
15:14 Moon Well
15:19 Ancient Protector
15:35 Ancient Protector
15:36 Ancient Protector
15:36 Ancient Protector
15:38 Ancient Protector
15:39 Ancient Protector
15:41 Ancient Protector
15:42 Ancient Protector
15:43 Ancient Protector
15:43 Ancient Protector
15:55 Ancient of Wind
15:59 Ancient of Wind
16:09 Ancient of Wind
16:42 Ancient Protector
16:45 Ancient Protector
17:39 Ancient Protector
17:59 Ancient Protector
18:02 Ancient Protector
18:37 Moon Well
18:38 Moon Well
18:45 Ancient Protector
18:45 Ancient Protector
18:45 Ancient Protector
18:47 Ancient of Wonders
18:52 Ancient Protector
18:59 Tree of Ages
19:27 Hunter's Hall
23:44 Tree of Eternity
25:10 Tree of Life
29:06 Moon Well
29:08 Moon Well
30:09 Ancient Protector
36:09 Hunter's Hall
36:50 Tree of Life
37:58 Tree of Life
» items
| Periapt of Vitality | 1 | |
| Boots of Speed | 1 | |
| Staff of Teleportation | 1 | |
| Scroll of Town Portal | 5 | |
| Potion of Lesser Invulnerability | 1 | |
9 total
Lebron-is-a-nub (
teal | 43 APM | 2164 actions | 50:27)
10 Mountain King
3 Storm Bolt
3 Bash
1 Avatar
3 Thunder Clap
» actions
| Assign group hotkey | 14 | |
| Basic commands | 2 | |
| Build / train | 75 | |
| Enter build submenu | 17 | |
| Enter hero's abilities submenu | 10 | |
| Give item / drop item | 4 | |
| Remove unit from queue | 1 | |
| Right click | 1146 | |
| Select / deselect | 223 | |
| Select group hotkey | 518 | |
| Use ability | 154 | |
2164 total
» units
» upgrades
| Masonry | 3 | |
| Lumber Harvesting | 1 | |
| Storm Hammers | 1 | |
| Cloud | 1 | |
| Swords | 1 | |
| Armor | 1 | |
8 total
» buildings
| Altar of Kings | 1 | |
| Farm | 11 | |
| Scout Tower | 12 | |
| Arcane Tower | 2 | |
| Lumber Mill | 1 | |
| Keep | 1 | |
| Arcane Vault | 1 | |
| Guard Tower | 10 | |
| Castle | 2 | |
| Gryphon Aviary | 2 | |
| Blacksmith | 1 | |
| Town Hall | 1 | |
45 total
» build order
00:22 Altar of Kings
00:28 Farm
00:52 Scout Tower
01:20 Farm
01:24 Arcane Tower
02:11 Lumber Mill
02:25 Keep
02:37 Arcane Vault
03:23 Scout Tower
03:52 Guard Tower
03:59 Farm
04:02 Farm
04:03 Farm
04:21 Scout Tower
04:22 Scout Tower
04:27 Scout Tower
04:47 Castle
05:08 Guard Tower
05:48 Guard Tower
05:54 Guard Tower
06:29 Gryphon Aviary
06:30 Gryphon Aviary
11:22 Scout Tower
11:22 Scout Tower
11:25 Farm
11:26 Farm
11:26 Farm
11:27 Farm
12:43 Guard Tower
12:44 Guard Tower
14:09 Blacksmith
14:13 Farm
14:13 Farm
16:50 Scout Tower
16:51 Scout Tower
16:53 Scout Tower
16:54 Scout Tower
17:36 Guard Tower
17:58 Guard Tower
27:34 Town Hall
» items
| Scroll of Regeneration | 2 | |
| Ivory Tower | 3 | |
| Dust of Appearance | 1 | |
| Staff of Teleportation | 1 | |
| Boots of Speed | 1 | |
| Potion of Mana | 3 | |
| Lesser Clarity Potion | 2 | |
| Potion of Healing | 3 | |
| Potion of Lesser Invulnerability | 3 | |
| Scroll of Town Portal | 3 | |
| Potion of Invisibility | 1 | |
| Orb of Venom | 1 | |
24 total
kingofpirates (
orange | 35 APM | 1676 actions | 48:32)
8 Blademaster
3 Wind Walk
3 Critical Strike
1 Bladestorm
1 Mirror Image
» actions
| Basic commands | 10 | |
| Build / train | 65 | |
| Enter build submenu | 38 | |
| Enter hero's abilities submenu | 8 | |
| Give item / drop item | 3 | |
| Remove unit from queue | 1 | |
| Right click | 993 | |
| Select / deselect | 482 | |
| Use ability | 76 | |
1676 total
» units
| Peon | 23 | |
| Grunt | 5 | |
| Tauren | 6 | |
| Troll Headhunter/Berserker | 4 | |
| Shaman | 3 | |
41 total
» upgrades
| Spiked Barricades | 1 | |
| Pulverize | 1 | |
| Reinforced Defenses | 1 | |
| Shaman Training | 2 | |
| Armor | 1 | |
6 total
» buildings
| Orc Burrow | 9 | |
| Altar of Storms | 1 | |
| War Mill | 2 | |
| Barracks | 3 | |
| Voodoo Lounge | 2 | |
| Watch Tower | 11 | |
| Stronghold | 2 | |
| Fortress | 1 | |
| Tauren Totem | 2 | |
| Spirit Lodge | 1 | |
| Great Hall | 3 | |
37 total
» build order
00:15 Orc Burrow
00:28 Altar of Storms
01:00 Orc Burrow
01:27 War Mill
02:02 Barracks
02:22 Orc Burrow
03:25 Orc Burrow
04:16 Voodoo Lounge
04:19 Watch Tower
04:22 Watch Tower
04:30 Stronghold
05:21 Orc Burrow
05:30 Watch Tower
05:37 Watch Tower
05:48 Watch Tower
07:21 Fortress
07:32 Watch Tower
07:40 Watch Tower
08:17 Watch Tower
10:01 Watch Tower
10:11 Tauren Totem
10:13 Tauren Totem
10:17 Spirit Lodge
10:37 Watch Tower
11:28 Voodoo Lounge
11:51 Orc Burrow
14:07 Great Hall
19:07 Great Hall
21:55 Orc Burrow
38:00 Great Hall
41:17 Barracks
42:20 Orc Burrow
42:23 Barracks
42:52 War Mill
43:36 Orc Burrow
44:41 Stronghold
44:46 Watch Tower
» items
| Healing Salve | 1 | |
| Lesser Clarity Potion | 1 | |
| Orb of Lightning | 1 | |
| Staff of Teleportation | 1 | |
| Circlet of Nobility | 1 | |
5 total
team 2 (loser)

»
niceguy01 (
green | 37 APM | 1767 actions | 48:24)
7 Keeper of the Grove
3 Entangling Roots
1 Force of Nature
2 Thorns Aura
1 Tranquility
» actions
| Assign group hotkey | 39 | |
| Basic commands | 184 | |
| Build / train | 102 | |
| ESC pressed | 1 | |
| Enter build submenu | 23 | |
| Enter hero's abilities submenu | 7 | |
| Remove unit from queue | 5 | |
| Right click | 434 | |
| Select / deselect | 390 | |
| Select group hotkey | 527 | |
| Use ability | 52 | |
1767 total
» units
| Wisp | 23 | |
| Archer | 7 | |
| Huntress | 1 | |
| Glaive Thrower | 3 | |
| Dryad | 34 | |
| Blue Drake | 1 | |
| Blue Dragon | 5 | |
| Druid of the Claw | 2 | |
76 total
» upgrades
| Abolish Magic | 1 | |
| Strength of the Wild | 3 | |
| Druid of the Claw Training | 2 | |
| Mark of the Claw | 1 | |
| Reinforced Hides | 3 | |
| Well Spring | 1 | |
11 total
» buildings
| Altar of Elders | 1 | |
| Moon Well | 9 | |
| Ancient of War | 1 | |
| Tree of Ages | 1 | |
| Hunter's Hall | 2 | |
| Ancient of Lore | 3 | |
| Tree of Eternity | 1 | |
| Tree of Life | 5 | |
23 total
» build order
00:10 Altar of Elders
00:32 Moon Well
01:14 Ancient of War
01:36 Moon Well
02:44 Tree of Ages
03:00 Moon Well
03:37 Hunter's Hall
04:34 Hunter's Hall
06:13 Ancient of Lore
06:14 Ancient of Lore
07:13 Ancient of Lore
07:33 Moon Well
07:35 Moon Well
07:37 Moon Well
12:27 Tree of Eternity
13:26 Tree of Life
18:01 Moon Well
18:02 Moon Well
26:31 Moon Well
29:03 Tree of Life
34:37 Tree of Life
34:53 Tree of Life
44:33 Tree of Life
xDragonfuryx (
pink | 42 APM | 2010 actions | 47:43)
5 Mountain King
3 Storm Bolt
1 Thunder Clap
1 Bash
8 Paladin
1 Holy Light
3 Divine Shield
3 Devotion Aura
1 Resurrection
» actions
| Basic commands | 134 | |
| Build / train | 118 | |
| ESC pressed | 6 | |
| Enter build submenu | 42 | |
| Enter hero's abilities submenu | 13 | |
| Right click | 1027 | |
| Select / deselect | 571 | |
| Use ability | 99 | |
2010 total
» units
| Peasant | 23 | |
| Footman | 7 | |
| Mortar Team | 4 | |
| Siege Engine | 21 | |
| Knight | 3 | |
| Flying Machine | 19 | |
| Gryphon Rider | 7 | |
84 total
» upgrades
| Barrage | 1 | |
| Animal War Training | 1 | |
| Gunpowder | 2 | |
| Armor | 1 | |
| Fragmentation Shards | 1 | |
| Flak Cannons | 1 | |
| Flying Machine Bombs | 1 | |
| Storm Hammers | 1 | |
9 total
» buildings
| Altar of Kings | 1 | |
| Farm | 13 | |
| Barracks | 1 | |
| Lumber Mill | 1 | |
| Keep | 1 | |
| Scout Tower | 9 | |
| Guard Tower | 3 | |
| Arcane Tower | 3 | |
| Arcane Vault | 2 | |
| Blacksmith | 2 | |
| Castle | 1 | |
| Workshop | 4 | |
| Town Hall | 3 | |
| Cannon Tower | 2 | |
| Gryphon Aviary | 2 | |
48 total
» build order
00:15 Altar of Kings
00:20 Farm
01:07 Barracks
01:15 Farm
02:29 Farm
02:48 Lumber Mill
03:19 Keep
04:12 Scout Tower
04:15 Scout Tower
04:50 Guard Tower
04:51 Arcane Tower
05:22 Farm
05:25 Arcane Vault
05:38 Arcane Vault
05:54 Blacksmith
06:07 Farm
07:57 Castle
08:11 Workshop
08:15 Workshop
08:26 Workshop
08:40 Farm
10:16 Farm
11:40 Farm
12:30 Town Hall
13:07 Farm
13:36 Farm
13:54 Farm
14:25 Blacksmith
16:05 Farm
19:33 Workshop
19:37 Farm
28:08 Town Hall
35:06 Town Hall
37:30 Scout Tower
37:33 Scout Tower
37:37 Scout Tower
38:40 Guard Tower
38:42 Arcane Tower
38:43 Cannon Tower
39:20 Scout Tower
39:23 Scout Tower
39:35 Scout Tower
39:49 Gryphon Aviary
39:52 Gryphon Aviary
39:59 Guard Tower
40:01 Cannon Tower
44:39 Arcane Tower
44:41 Scout Tower
Vyndorath (
blue | 38 APM | 1850 actions | 48:32)
5 Demon Hunter
3 Immolation
1 Mana Burn
1 Metamorphosis
3 Warden
2 Shadow Strike
1 Fan of Knives
» actions
| Assign group hotkey | 25 | |
| Build / train | 121 | |
| Enter build submenu | 29 | |
| Enter hero's abilities submenu | 8 | |
| Remove unit from queue | 3 | |
| Right click | 860 | |
| Select / deselect | 369 | |
| Select group hotkey | 379 | |
| Use ability | 56 | |
1850 total
» units
| Wisp | 35 | |
| Hippogryph | 48 | |
| Chimaera | 17 | |
100 total
» upgrades
| Strength of the Wild | 3 | |
| Reinforced Hides | 2 | |
| Corrosive Breath | 1 | |
6 total
» buildings
| Altar of Elders | 1 | |
| Moon Well | 9 | |
| Hunter's Hall | 1 | |
| Tree of Ages | 1 | |
| Tree of Life | 5 | |
| Ancient Protector | 4 | |
| Tree of Eternity | 1 | |
| Ancient of Wind | 4 | |
| Chimaera Roost | 3 | |
29 total
» build order
00:20 Altar of Elders
00:34 Moon Well
01:31 Hunter's Hall
01:46 Moon Well
03:57 Tree of Ages
04:11 Tree of Life
04:16 Ancient Protector
04:20 Ancient Protector
04:25 Moon Well
06:03 Ancient Protector
06:28 Tree of Eternity
07:10 Ancient Protector
07:31 Moon Well
07:35 Ancient of Wind
08:29 Moon Well
09:17 Chimaera Roost
09:21 Chimaera Roost
09:26 Chimaera Roost
09:34 Moon Well
11:00 Moon Well
12:04 Moon Well
19:16 Tree of Life
20:43 Moon Well
21:36 Ancient of Wind
23:51 Tree of Life
36:12 Ancient of Wind
36:15 Ancient of Wind
39:21 Tree of Life
42:33 Tree of Life

»
have.a.nice.day (
red | 22 APM | 1078 actions | 48:07)
8 Death Knight
3 Unholy Aura
3 Death Coil
1 Death Pact
1 Animate Dead
4 Lich
2 Frost Nova
1 Dark Ritual
1 Frost Armor
» actions
| Assign group hotkey | 27 | |
| Basic commands | 110 | |
| Build / train | 62 | |
| Enter build submenu | 20 | |
| Enter hero's abilities submenu | 12 | |
| Give item / drop item | 3 | |
| Remove unit from queue | 1 | |
| Right click | 223 | |
| Select / deselect | 248 | |
| Select group hotkey | 318 | |
| Use ability | 54 | |
1078 total
» units
| Acolyte | 7 | |
| Ghoul | 3 | |
| Crypt Fiend | 9 | |
| Frost Wyrm | 10 | |
29 total
» upgrades
| Cannibalize | 1 | |
| Web | 1 | |
| Burrow | 1 | |
| Creature Carapace | 2 | |
| Creature Attack | 2 | |
| Freezing Breath | 1 | |
8 total
» buildings
| Ziggurat | 9 | |
| Altar of Darkness | 1 | |
| Crypt | 2 | |
| Nerubian Tower | 1 | |
| Graveyard | 1 | |
| Tomb of Relics | 1 | |
| Halls of the Dead | 1 | |
| Spirit Tower | 1 | |
| Black Citadel | 1 | |
| Sacrificial Pit | 1 | |
| Boneyard | 2 | |
21 total
» build order
00:16 Ziggurat
00:22 Altar of Darkness
00:46 Crypt
01:36 Nerubian Tower
02:03 Graveyard
02:14 Ziggurat
02:31 Tomb of Relics
03:25 Ziggurat
04:31 Ziggurat
04:46 Halls of the Dead
06:14 Crypt
06:53 Spirit Tower
07:12 Black Citadel
09:47 Sacrificial Pit
11:16 Boneyard
11:23 Boneyard
11:51 Ziggurat
12:46 Ziggurat
15:13 Ziggurat
16:28 Ziggurat
22:01 Ziggurat
» items
| Potion of Mana | 1 | |
| Boots of Speed | 2 | |
| Orb of Corruption | 2 | |
| Scroll of Regeneration | 1 | |
| Potion of Healing | 1 | |
7 total
Chat log
(00:05 / Allies) K0D0S_F0RSAKEN: purple lol
(00:14 / Allies) Lebron-is-a-nub: yellow i make that name all the time
(00:15 / Allies) K0D0S_F0RSAKEN: u remeber our last game this map
(00:30 / Allies) kingofpirates: ill harrass
(01:08 / All) Lebron-is-a-nub: i am the brother of kodos_forsaken, the best 4v4rter ever
(01:19 / Allies) K0D0S_F0RSAKEN: u dumb
(01:42 / Allies) K0D0S_F0RSAKEN: i rape 4 s and 20 gamme up rt is trash bro
(01:54 / Allies) Lebron-is-a-nub: kodos if thats u this is flamechamp
(02:15 / Allies) K0D0S_F0RSAKEN: this is nightmare for west
(02:27 / Allies) K0D0S_F0RSAKEN: come to show how neb east is
(02:30 / Allies) bigwata: units nubz ?
(02:41 / Allies) K0D0S_F0RSAKEN: i just raped purple in 4 vs1
(02:52 / Allies) K0D0S_F0RSAKEN: u dont hate me do u purple?
(02:54 / Allies) bigwata: in ur dreams
(03:06 / Allies) Lebron-is-a-nub: if ur from west i got all of clan lux banned, including that faggot immortalsoulz
(03:19 / Allies) bigwata: nope wasnt me
(03:29 / Allies) K0D0S_F0RSAKEN: bull shit i raped your newb tanks
(03:43 / Allies) Lebron-is-a-nub: u 2 should have civil war
(03:46 / Allies) Lebron-is-a-nub: i need a good laugh
(03:49 / Allies) bigwata: i just played island
(04:00 / Allies) bigwata: last for like 1 hr
(04:04 / Allies) K0D0S_F0RSAKEN: few games ago
(04:27 / Allies) bigwata: units nubz ?
(04:44 / Allies) K0D0S_F0RSAKEN: im towers hipps dragons
(04:51 / Allies) kingofpirates: ill get tauren and shaman i guess
(04:57 / Allies) bigwata: gryphs
(05:23 / All) K0D0S_F0RSAKEN: u best cancel
(05:23 / Allies) Lebron-is-a-nub: somebody clear that gob lab up so i can get my shredder
(05:25 / Allies) Lebron-is-a-nub: god damn
(05:43 / All) Lebron-is-a-nub: unholy first!
(06:11 / Allies) K0D0S_F0RSAKEN: help me here please
(06:18 / Allies) K0D0S_F0RSAKEN: oh shit
(06:24 / Allies) Lebron-is-a-nub: i didnt even see that
(07:24 / Allies) kingofpirates: taht was a masscre
(07:25 / All) K0D0S_F0RSAKEN: fuck they r going to quit
(07:48 / Allies) kingofpirates: kill him
(07:51 / Allies) kingofpirates: mk
(07:53 / Allies) kingofpirates: ty
(07:59 / Allies) kingofpirates: taht was owned
(08:02 / Allies) kingofpirates: if i do sat do
(08:25 / Allies) kingofpirates: nice
(08:32 / All) Lebron-is-a-nub: deers are endangered faggot
(08:35 / Allies) kingofpirates: me and mk owned
(08:43 / Allies) kingofpirates: good team work
(08:50 / All) Lebron-is-a-nub: im a former #1 rank rt player u dont have a chance green
(09:03 / Allies) kingofpirates: pwn this shit
(09:08 / Allies) kingofpirates: dk
(09:13 / All) niceguy01: yea yea no keep ur sad life story to ur self
(09:27 / Allies) kingofpirates: lol he fed
(09:28 / Allies) kingofpirates: a shit load
(10:24 / Allies) kingofpirates: well
(10:27 / Allies) kingofpirates: at least they fed my
(10:33 / Allies) kingofpirates: they fed my hero
(11:16 / All) kingofpirates: lol thanks for feeding my hero like 4 heroes
(11:21 / All) xDragonfuryx: ok
(11:26 / All) xDragonfuryx: now shut up
(14:48 / Allies) kingofpirates: may i ask wat is the plan?
(14:50 / All) Lebron-is-a-nub: raped lawl
(14:56 / Allies) kingofpirates: or is that too bad?
(15:29 / Allies) Lebron-is-a-nub: i may have invoked yellow's wrath
(16:27 / Allies) Lebron-is-a-nub: yellow are you kingofkirblar
(17:35 / Allies) kingofpirates: a little help
(18:07 / Allies) kingofpirates: help!!!
(19:34 / Allies) kingofpirates: way too much air
(20:14 / Allies) kingofpirates: r u guys ever gonna work together?
(20:29 / Allies) K0D0S_F0RSAKEN: he got my dargon
(21:39 / Allies) kingofpirates: can i hajve 200 gold
(21:56 / Allies) kingofpirates: ty
(23:35 / All) xDragonfuryx: leave noobs plz
(23:44 / All) niceguy01: wat happen mr. pro?
(23:54 / Allies) Lebron-is-a-nub: reds hero
(23:56 / Allies) Lebron-is-a-nub: purple
(25:32 / Allies) Lebron-is-a-nub: control my girffs if u want ho
(26:33 / Allies) Lebron-is-a-nub: i wish i bought a god damn orb
(28:24 / Allies) bigwata: u gonan do something ?
(28:28 / Allies) kingofpirates: me?
(28:37 / Allies) Lebron-is-a-nub: who cares thsi is fun
(28:43 / Allies) kingofpirates: lol
(28:45 / Allies) K0D0S_F0RSAKEN: wen i get 4 of those bi dragins its over i do this all the time
(28:49 / Allies) kingofpirates: im just making my hero strong
(29:11 / All) Lebron-is-a-nub: build a shop nigga i need an orb
(29:14 / Allies) kingofpirates: wat we doing
(29:42 / Allies) Lebron-is-a-nub: gold plz
(29:43 / Allies) Lebron-is-a-nub: orange
(29:45 / Allies) Lebron-is-a-nub: or purp
(29:53 / Allies) kingofpirates: thats all i have lmao
(30:06 / Allies) Lebron-is-a-nub: gold purple
(31:07 / Allies) kingofpirates: pwned
(31:23 / All) Vyndorath: nice defense :)
(31:25 / Allies) kingofpirates: lol mass teleport?
(31:39 / Allies) Lebron-is-a-nub: tleport on ground i need to get off this gayu island
(31:46 / All) Lebron-is-a-nub: we arent tyring and we're making u guys look bad
(31:52 / All) Vyndorath: how he get up there
(32:05 / Allies) Lebron-is-a-nub: tp purple
(32:24 / Allies) Lebron-is-a-nub: heal me ho
(32:29 / Allies) kingofpirates: can i have some gold
(32:31 / Allies) kingofpirates: for heal
(33:08 / Allies) Lebron-is-a-nub: mk
(33:31 / Allies) K0D0S_F0RSAKEN: kill tanks
(33:35 / Allies) bigwata: teal
(33:47 / Allies) kingofpirates: lol this is like dota or some shit
(33:49 / Allies) bigwata: reds hero
(33:50 / Allies) kingofpirates: we r pwning wit heroes
(33:51 / Allies) kingofpirates: lmao
(34:48 / Allies) K0D0S_F0RSAKEN: teal u had full maan nuke the fuckin hero
(34:55 / Allies) Lebron-is-a-nub: im on this shitty laptop fool
(36:03 / Allies) bigwata: use gold yellow maybe
(36:13 / Allies) kingofpirates: lmao
(36:17 / Allies) kingofpirates: u have sooo much gold
(36:18 / Allies) kingofpirates: give me some
(36:20 / Allies) kingofpirates: ill rebuild
(36:36 / Allies) kingofpirates: just need 400
(37:42 / Allies) kingofpirates: someone give me 400 gold
(38:01 / Allies) kingofpirates: ty
(38:36 / Allies) Lebron-is-a-nub: god dammit
(39:07 / Allies) Lebron-is-a-nub: nice
(39:15 / Allies) kingofpirates: crap
(39:28 / All) Lebron-is-a-nub: pink ur lucky im on this shitty laptop i would humiliate ur family name
(39:40 / Allies) kingofpirates: omw
(39:58 / Allies) Lebron-is-a-nub: kill expos
(39:59 / Allies) Lebron-is-a-nub: hos
(40:27 / Allies) Lebron-is-a-nub: tp to me purp
(41:00 / Allies) kingofpirates: its gonna be hard to win
(41:03 / Allies) kingofpirates: but i will try hard
(41:39 / Allies) kingofpirates: damn frosties
(41:53 / Allies) bigwata: thats gonnetake them out
(42:03 / Allies) kingofpirates: 1 dragon...
(42:06 / Allies) bigwata: teal bring ur gryphs to me
(42:18 / Allies) Lebron-is-a-nub: take control
(42:19 / Allies) Lebron-is-a-nub: im lazy
(42:34 / Allies) Lebron-is-a-nub: expos screw mains
(42:35 / Allies) bigwata: lets kill red
(42:53 / Allies) bigwata: yellow kill red
(42:59 / Allies) Lebron-is-a-nub: orange use ur bm u moron
(43:52 / Allies) K0D0S_F0RSAKEN: watch
(44:17 / Allies) Lebron-is-a-nub: orange kill expos
(44:23 / Allies) kingofpirates: can do
(46:48 / All) Lebron-is-a-nub: u cna leave
(47:03 / Allies) K0D0S_F0RSAKEN: this is how we do it in the west
(47:16 / Allies) bigwata: lil gold plz
(47:47 / All) Lebron-is-a-nub: lawl
(47:47 / All) kingofpirates: GODLY
(47:51 / All) bigwata: really fun game lol
(47:56 / All) Lebron-is-a-nub: i am kodos_forsaken's brother
(47:58 / All) Lebron-is-a-nub: obey me
(48:05 / Allies) kingofpirates: omw
(48:18 / All) niceguy01: fking noob
(48:28 / All) kingofpirates: PWNED
(48:32 / All) kingofpirates: HAVE A NICE DAY